 Dungeon Crawl Stone Soup version 0.29.1-12-g30fa7ad0bf (webtiles) character file.

Game seed: 14503569418757092749

18964 GeoRichter the Basher (level 12, 0/99 HPs)
             Began as a Demonspawn Monk on Dec 22, 2022.
             Was an Elder of Cheibriados.
             Slain by a death yak (11 damage)
             ... on level 3 of the Lair of Beasts.
             The game lasted 00:31:26 (16881 turns).

GeoRichter the Basher (Demonspawn Monk)            Turns: 16881, Time: 00:31:26

Health: 0/99       AC: 10    Str: 27    XL:     12   Next: 32%
Magic:  8/17       EV: 22    Int: 21    God:    Cheibriados [****..]
Gold:   614        SH:  5    Dex: 26    Spells: 11/11 levels left

rFire   . . .      SeeInvis .   a - +2 whip (venom)
rCold   . . .      Faith    .   i - +0 buckler
rNeg    + . .      Spirit   .   E - +0 acid dragon scales
rPois   .          Reflect  .   k - +0 hat
rElec   .          Harm     .   A - scarf {shadows}
rCorr   +          Rampage  .   (no gloves)
Will    .....                   (boots unavailable)
Stlth   +++.......              (no amulet)
HPRegen 0.26/turn               c - +4 ring of evasion
MPRegen 0.15/turn               s - ring of positive energy

@: very slow
A: hooves 3, rugged brown scales 3, powered by death 1
a: Renounce Religion, Bend Time, Temporal Distortion, Slouch


You were on level 3 of the Lair of Beasts.
You worshipped Cheibriados.
Cheibriados was greatly pleased with you.
You visited 3 branches of the dungeon, and saw 13 of its levels.

You collected 614 gold pieces.

Inventory:

Hand Weapons
 a - a +2 whip of venom (weapon)
   (You took it off an orc on level 5 of the Dungeon)
 b - a +0 flail
   (You took it off an orc on level 5 of the Dungeon)
 w - the +5 arbalest "Peqyaqewam" {penet, rF+ SInv}
   (You found it on level 7 of the Dungeon)

   Any ammunition fired by it passes through the targets it hits, potentially
   hitting all targets in its path until it reaches maximum range.
   rF:        It protects you from fire.
   SInv:      It lets you see invisible.
Missiles
 n - 5 poisoned darts (quivered)
Armour
 i - a +0 buckler (worn)
   (You found it on level 1 of the Dungeon)
 k - a +0 hat (worn)
   (You found it on level 3 of the Lair of Beasts)
 A - a scarf of shadows (worn)
   (You found it on level 6 of the Dungeon)
 E - +0 acid dragon scales (worn)
   (You found it on level 9 of the Dungeon)
 L - +0 steam dragon scales
   (You found it on level 8 of the Dungeon)
Jewellery
 c - a +4 ring of evasion (left hand)
   (You found it on level 9 of the Dungeon)
 o - a +6 ring of dexterity
   (You found it on level 3 of the Dungeon)
 s - a ring of positive energy (right hand)
   (You found it on level 5 of the Dungeon)
 t - a ring of magical power
   (You found it on level 9 of the Dungeon)
Wands
 g - a wand of iceblast (1)
   (You found it on level 2 of the Lair of Beasts)
 r - a wand of digging (1)
   (You took it off an orc on level 4 of the Dungeon)
Scrolls
 d - a scroll of immolation {!r}
 h - a scroll of amnesia {unknown}
 l - 2 scrolls of fear
 m - 3 scrolls of magic mapping
 p - a scroll of teleportation {@r4}
 y - 2 scrolls of noise {unknown}
 B - a scroll of enchant weapon {unknown}
 C - a scroll of vulnerability {unknown}
 D - a scroll of enchant armour {unknown}
 H - 2 scrolls of torment {!r}
 I - a scroll of blinking {unknown}
 J - a scroll of summoning {unknown}
 K - a scroll of brand weapon
 M - a scroll of poison {unknown}
 O - a scroll of identify {@r1}
 P - a scroll of silence {unknown}
Potions
 e - 3 potions of attraction {!q}
 f - a potion of lignification {!q}
 j - 2 potions of curing {@q1}
 q - 2 potions of might {unknown}
 u - 4 potions of flight
 v - a potion of berserk rage {unknown}
 x - 3 potions of brilliance {unknown}
 z - 2 potions of ambrosia
 F - a potion of degeneration {unknown}
 G - a potion of magic {unknown}
 N - 2 potions of haste {unknown}
 Q - a potion of invisibility {unknown}


   Skills:
 + Level 8.3 Fighting
 * Level 13.2 Maces & Flails
 + Level 6.9 Armour
 + Level 7.5 Dodging
 - Level 5.0 Stealth
 - Level 7.1 Invocations


You had 11 spell levels left.
You didn't know any spells.
Your spell library contained the following spells:

 Spells                   Type           Power      Damage    Failure   Level
 Summon Small Mammal      Summ           0%         N/A       28%         1
 Call Canine Familiar     Summ           0%         N/A       65%         3
 Gell's Gravitas          Tloc           0%         N/A       65%         3
 Ozocubu's Armour         Ice            0%         N/A       65%         3
 Summon Guardian Golem    Hex/Summ       0%         N/A       65%         3
 Teleport Other           Tloc           0%         N/A       65%         3
 Tukima's Dance           Hex            0%         N/A       65%         3
 Animate Dead             Necr           0%         N/A       96%         4
 Passage of Golubria      Tloc           0%         N/A       96%         4
 Yara's Violent Unravell  Hex/Tmut       0%         3d3       100%        5
 Dispersal                Tloc           0%         N/A       100%        6
 Haunt                    Necr/Summ      0%         N/A       100%        7
 Ozocubu's Refrigeration  Ice            0%         4d7       100%        7
 Infestation              Necr           0%         N/A       100%        8


Dungeon Overview and Level Annotations

Branches:
Dungeon (9/15) Zot: 39026  Temple (1/1) D:4 Zot: 8941    Lair (3/5) D:9 Zot: 19829
  Swamp (0/4) Lair:2       Spider (0/4) Lair:2
    Orc: D:9-12

Altars:
Ashenzari
Cheibriados
Dithmenos
Gozag
Kikubaaqudgha
Makhleb
Nemelex Xobeh
Okawaru
Qazlal
Ru
Sif Muna
Trog
Uskayaw
Vehumet
Wu Jian
Xom
Yredelemnul

Shops:
D:5 *

Annotations:
D:8 1 runed translucent door
Lair:1 exclusion: hydra
Lair:2 exclusion: ice statue


Innate Abilities, Weirdness & Mutations

You have hooves in place of feet.
You are completely covered in rugged brown scales. (AC +3, +7% HP)
You regenerate a little health from kills.


Message History

You kick the death yak.
You kill the death yak!
Cheibriados appreciates the change of pace.
The flow of time bends around you.
Cheibriados rebukes the death yak.
The death yak seems to slow down.
You hit the death yak but do no damage.
The death yak is poisoned.
The death yak closely misses you.
You hit the death yak.
The death yak looks as sick as possible!
You kick the death yak! You barely miss the death yak.
You hit the death yak but do no damage. The death yak closely misses you.
You hit the death yak.
The death yak looks as sick as possible!
You hit the death yak.
The death yak looks as sick as possible!
You kick the death yak, but do no damage.
You whack the death yak!
The death yak looks as sick as possible!
You kick the death yak. You block the death yak's attack.
You whack the death yak!
The death yak looks as sick as possible!
Your kick misses the death yak. You hit the death yak. You kick the death yak!
You block the death yak's attack.
Okay, then.
You hit the death yak but do no damage.
The death yak looks as sick as possible!
You barely miss the death yak.
You kick the death yak, but do no damage.
You barely miss the death yak. You hit the death yak but do no damage.
The death yak looks as sick as possible!
You kick the death yak, but do no damage.
The death yak is no longer moving slowly.
The death yak completely misses you.
You hit the death yak but do no damage.
The death yak looks as sick as possible!
You hit the death yak but do no damage.
The death yak looks as sick as possible!
You kick the death yak, but do no damage.
The death yak gores you!
* * * LOW HITPOINT WARNING * * *
Okay, then.
As you read the scroll of fear, it crumbles to dust.
You assume a fearsome visage.
The death yak resists with almost no effort.
The death yak gores you!
You die...

#....# ###....###.......
#....####P.....##........
#......................<.
#..(.....(............†..
#......Y.Y...............
.........##P#..#...#P.##......
..(......# ####†...####P...#..
..........# ##Y#...## ##....##
..####...## #@##....# ....P# #
..... #.###...## ...##
....##.# #...## #.# #....# ..#
##...## ..# #....# ..# ..
#....### ...# ##...#.###...#
#......#....#


You could see a death yak (extremely poisoned).

Vanquished Creatures
  A hydra (Lair:1)
  10 death yaks
  A black mamba (Lair:1)
  4 cane toads
  4 komodo dragons
  A freezing wraith (Lair:2)
  A meliai (Lair:2)
  A polar bear (Lair:2)
  9 blink frogs
  A basilisk (Lair:1)
  3 wyverns
  10 yaks
  A steam dragon (D:8)
  5 water moccasins
  An acid dragon (D:9)
  11 ice beasts
  An orc warrior (D:9)
  A black bear (D:4)
  2 sky beasts
  An ogre (D:5)
  17 wolves
  2 centaurs
  A phantom (D:4)
  A kobold brigand (D:4)
  5 bullfrogs
  5 scorpions
  A necrophage (D:4)
  4 wights (D:8)
  3 killer bees (Lair:2)
  3 howler monkeys
  3 jellies (D:7)
  3 orc priests
  5 hounds
  2 iguanas (D:5)
  A gnoll bouda (D:4)
  7 orc wizards
  4 gnolls
  4 adders
  3 river rats (D:4)
  A white imp (Lair:2)
  A dart slug (D:4)
  25 orcs
  9 ball pythons
  4 bats
  6 endoplasms
  4 giant cockroaches
  9 goblins
  5 hobgoblins
  3 jackals (D:5)
  2 quokkas (D:2)
  2 frilled lizards (D:2)
  16 kobolds
  9 rats
239 creatures vanquished.

Vanquished Creatures (others)
  4 fungi (Lair:1)
  9 plants
13 creatures vanquished.

Grand Total: 252 creatures vanquished

Notes
Turn   | Place    | Note
-------+----------+-------------------------------------------
     0 | D:1      | GeoRichter the Demonspawn Monk began the quest for the Orb.
     0 | D:1      | Reached XP level 1. HP: 18/18 MP: 1/1
   194 | D:1      | Reached skill level 3 in Maces & Flails
   382 | D:1      | Gained mutation: You are partially covered in rugged brown
                  | scales. (AC +1, +3% HP) [demonic ancestry]
   382 | D:1      | Reached XP level 2. HP: 18/24 MP: 2/2
  1401 | D:2      | Reached XP level 3. HP: 29/29 MP: 3/3
  1474 | D:2      | Found a faded altar of an unknown god.
  2514 | D:3      | Reached skill level 4 in Maces & Flails
  2514 | D:3      | Gained mutation: You have large cloven feet. [demonic
                  | ancestry]
  2514 | D:3      | Reached XP level 4. HP: 27/36 MP: 4/4
  3512 | D:4      | Noticed a scorpion
  3679 | D:4      | Found an ancient bone altar of Kikubaaqudgha.
  3685 | D:4      | Killed a scorpion
  3686 | D:4      | Reached XP level 5. HP: 14/42 MP: 5/5
  3699 | D:4      | Found a glowing drain.
  3731 | D:4      | HP: 2/42 [hound (4)]
  3916 | D:3      | Reached skill level 5 in Maces & Flails
  4233 | D:4      | Reached XP level 6. HP: 37/48 MP: 6/6
  4865 | D:4      | Reached skill level 6 in Maces & Flails
  5138 | D:4      | Found a staircase to the Ecumenical Temple.
  5153 | Temple   | Entered the Ecumenical Temple
  5182 | Temple   | Became a worshipper of Cheibriados the Contemplative
  5182 | Temple   | Reached * piety under Cheibriados
  5182 | Temple   | Reached ** piety under Cheibriados
  5202 | D:4      | Gained mutation: You are mostly covered in rugged brown
                  | scales. (AC +2, +5% HP) [demonic ancestry]
  5202 | D:4      | Reached XP level 7. HP: 40/54 MP: 7/7
  5332 | D:4      | Found a shimmering blue altar of Sif Muna.
  5582 | D:5      | Entered Level 5 of the Dungeon
  5740 | D:5      | Reached skill level 7 in Maces & Flails
  5740 | D:5      | Reached skill level 5 in Stealth
  5810 | D:5      | Found Hopluc's Assorted Antiques.
  5964 | D:5      | Reached skill level 1 in Invocations
  6013 | D:5      | Found a broken altar of Ashenzari.
  6468 | D:5      | Found a basalt altar of Yredelemnul.
  6478 | D:5      | Found a radiant altar of Vehumet.
  6608 | D:5      | Found a sparkling altar of Nemelex Xobeh.
  6695 | D:6      | Gained mutation: You regenerate a little health from kills.
                  | [demonic ancestry]
  6695 | D:6      | Reached XP level 8. HP: 60/60 MP: 9/9
  6744 | D:6      | Reached *** piety under Cheibriados
  6780 | D:6      | Found a sacrificial altar of Ru.
  6799 | D:6      | Reached skill level 8 in Maces & Flails
  7572 | D:7      | Identified the +5 arbalest "Peqyaqewam" {penet, rF+ SInv}
  7682 | D:7      | Reached skill level 5 in Invocations
  7886 | D:7      | Reached skill level 9 in Maces & Flails
  7946 | D:7      | Reached skill level 1 in Armour
  8052 | D:7      | Found a burning altar of Makhleb.
  8052 | D:7      | Noticed a balrug
  8056 | D:7      | Noticed an angel
  8533 | D:8      | Gained mutation: You are completely covered in rugged brown
                  | scales. (AC +3, +7% HP) [demonic ancestry]
  8533 | D:8      | Reached XP level 9. HP: 57/68 MP: 12/12
  9202 | D:8      | Found a stormy altar of Qazlal.
  9240 | D:8      | Noticed a sixfirhy
  9242 | D:8      | Found a runed translucent door.
  9875 | D:9      | Found a shadowy altar of Dithmenos.
  9983 | D:9      | Found an iron altar of Okawaru.
  9991 | D:9      | Found a staircase to the Lair.
 10008 | D:9      | Reached **** piety under Cheibriados
 10015 | D:9      | Reached skill level 10 in Maces & Flails
 10698 | D:9      | Reached skill level 5 in Fighting
 10769 | D:9      | Gained mutation: You have hoof-like feet. [demonic
                  | ancestry]
 10769 | D:9      | Reached XP level 10. HP: 79/79 MP: 13/13
 10857 | Lair:1   | Entered Level 1 of the Lair of Beasts
 11311 | Lair:1   | Noticed a cane toad
 11334 | Lair:1   | Killed a cane toad
 11335 | Lair:1   | Reached skill level 5 in Dodging
 11626 | Lair:1   | Noticed a cane toad
 11641 | Lair:1   | Killed a cane toad
 11877 | Lair:1   | Reached ***** piety under Cheibriados
 11899 | Lair:1   | Reached skill level 11 in Maces & Flails
 12414 | Lair:1   | Noticed a four-headed hydra
 12601 | Lair:1   | Noticed a black mamba
 12651 | Lair:1   | Killed a black mamba
 13118 | Lair:1   | Noticed a death yak
 13119 | Lair:1   | Noticed a death yak
 13119 | Lair:1   | Noticed a death yak
 13119 | Lair:1   | Noticed a death yak
 13128 | Lair:1   | Noticed a death yak
 13140 | Lair:1   | Noticed a death yak
 13143 | Lair:1   | Killed a death yak
 13144 | Lair:1   | Reached skill level 5 in Armour
 13154 | Lair:1   | Killed a death yak
 13155 | Lair:1   | Reached XP level 11. HP: 50/88 MP: 5/15
 13171 | Lair:1   | Killed a death yak
 13190 | Lair:1   | Killed a death yak
 13211 | Lair:1   | Killed a death yak
 13226 | Lair:1   | Killed a death yak
 13742 | Lair:1   | Noticed a five-headed hydra
 13973 | Lair:1   | Killed a five-headed hydra
 13974 | Lair:1   | Reached skill level 12 in Maces & Flails
 14737 | Lair:2   | Found a staircase to the Swamp.
 15018 | Lair:2   | Found a hole to the Spider Nest.
 16061 | Lair:3   | Gained mutation: You have hooves in place of feet. [demonic
                  | ancestry]
 16061 | Lair:3   | Reached XP level 12. HP: 60/98 MP: 17/17
 16245 | Lair:3   | Noticed a death yak
 16257 | Lair:3   | Noticed a death yak
 16273 | Lair:3   | HP: 2/98 [death yak (14)]
 16276 | Lair:3   | Killed a death yak
 16686 | Lair:3   | Reached skill level 13 in Maces & Flails
 16808 | Lair:3   | Noticed a death yak
 16808 | Lair:3   | Noticed a death yak
 16826 | Lair:3   | Noticed a death yak
 16831 | Lair:3   | Killed a death yak
 16847 | Lair:3   | Killed a death yak
 16864 | Lair:3   | Killed a death yak
 16881 | Lair:3   | Slain by a death yak

Illustrated notes

Levels and vault maps discovered:
D:1:      saegor_arrival_fortress, layout_basic, minmay_fountain_box
D:2:      layout_rooms, basic_ecumenical_altar, nrook_mini_vaults
D:3:      layout_loops_corners
D:4:      layout_rooms, kiku_gazebo_pond_becter, kennysheep_orc_sif_temple,
          minmay_temple_entry_trees, portal_sewer_entry_a, kennysheep_donut
D:5:      layout_basic, amethyst_overflow_temple_binary,
          mainiacjoe_overflow_24_doors, nicolae_ashenzari_skybound,
          serial_shops, shop, kennysheep_generic_room_9
D:6:      layout_gridville, kennysheep_mini_moat, mainiacjoe_overflow_catwalk
D:7:      layout_gridville, grunt_temple_overflow_order_and_chaos_2,
          minmay_curled_crystal
D:8:      cheibrodos_shockbox, layout_gridville,
          nicolae_qazlal_eye_of_the_storm, hangedman_decor_lopped
D:9:      layout_irregular_city, grunt_dithmenos_smoke_and_mirrors,
          nicolae_overflow_crystal_walls, lair_entry_dummy
Temple:   nicolae_temple_ecumenical_triangle
Lair:1:   layout_layer_cave
Lair:2:   layout_hall_layers, swamp_mist, hellmonk_spider_entry_not_the_bees,
          ice2_lemuel
Lair:3:   layout_long_grid, patterned_corridor

Skill      XL: |  1  2  3  4  5  6  7  8  9 10 11 12 |
---------------+-------------------------------------+-----
Maces & Flails | 3 4 5 6 7 9 10 11 12 13 | 13.2
Stealth        | 2 3 4 5 |  5.0
Invocations    | 2 5 6 7 |  7.1
Armour         | 1 3 5 6 |  6.9
Dodging        | 3 4 5 7 |  7.5
Fighting       | 5 6 7 8 |  8.3

Action                   |  1- 3 |  4- 6 |  7- 9 | 10-12 || total
-------------------------+-------+-------+-------+-------++-------
Melee: Mace              |   127 |   192 |    70 |       ||   389
       Whip              |       |       |   298 |   722 ||  1020
       Kick              |       |       |       |    61 ||    61
Throw: Dart              |       |     8 |    30 |    44 ||    82
Invok: Bend Time         |       |       |       |    11 ||    11
       Slouch            |       |       |       |     3 ||     3
Evoke: Wand              |       |       |       |     2 ||     2
  Use: Scroll            |       |     3 |     5 |     4 ||    12
       Potion            |       |     1 |     3 |     8 ||    12
 Stab: Sleeping          |     5 |     2 |    10 |     2 ||    19
       Distracted        |       |     1 |     2 |     1 ||     4
Armor: Ring mail         |    48 |    72 |    39 |       ||   159
       Scale mail        |       |       |    46 |       ||    46
       Steam dragon scal |       |       |    12 |       ||    12
       Acid dragon scale |       |       |     6 |    94 ||   100
       Skin              |       |       |       |     3 ||     3
Dodge: Dodged            |    67 |   101 |   156 |   387 ||   711
Block: Buckler           |     6 |    45 |    57 |    99 ||   207
